 Dungeon Crawl Stone Soup version 0.28-a0-1629-gf728b707aa (webtiles) character file.

Game seed: 4889711259185497196

23276 issech the Spear-Bearer (level 12, 0/172 HPs)
             Began as a Troll Monk on Jan 24, 2022.
             Was an Elder of Hepliaklqana.
             Slain by a 13-headed hydra (4 damage)
             ... on level 1 of the Lair of Beasts on Jan 25, 2022.
             The game lasted 01:14:20 (11883 turns).

issech the Spear-Bearer (Troll Monk)               Turns: 11883, Time: 01:14:21

Health: 0/172      AC: 30    Str: 22    XL:     12   Next: 70%
Magic:  0/11       EV:  1    Int:  6    God:    Hepliaklqana [****..]
Gold:   672        SH:  0    Dex: 16    Spells: 11/11 levels left

rFire   + . .      SeeInvis .   K - +6 glaive of Resourcefulness {drain, rF+}
rCold   . . .      Faith    .   (shield currently unavailable)
rNeg    . . .      Spirit   +   (armour currently unavailable)
rPois   +          Reflect  .   (helmet currently unavailable)
rElec   .          Harm     .   (cloak currently unavailable)
rCorr   .          Rampage  .   (gloves unavailable)
Will    .....      NoTele   +   (boots unavailable)
Stlth   +.........              U - amulet of guardian spirit
HPRegen 1.18/turn               d - +4 ring of protection
MPRegen 0.12/turn               y - ring of wizardry

@: confused, tree-form, ambrosia-drunk, hasted, studying Fighting, very quick
A: stationary, stasis, torment immunity, boosted hp, reduced essence, large,
unfitting armour, (claws 3), regeneration 1, (shaggy fur 1), (tough skin 1)
a: Renounce Religion, Recall Ancestor, Ancestor Identity, Transference, Idealise


You were on level 1 of the Lair of Beasts.
You worshipped Hepliaklqana.
Hepliaklqana was greatly pleased with you.
You were a tree.
You visited 3 branches of the dungeon, and saw 14 of its levels.

You collected 672 gold pieces.

Inventory:

Hand Weapons
 a - the +9 hunting sling of the Big Bang {vorpal, Int+2 Stlth+}
   (You found it on level 9 of the Dungeon)

   Any ammunition fired from it inflicts extra damage upon your enemies.
   Int:       It affects your intelligence (+2).
   Stlth:     It makes you more stealthy.
 g - a +1 mace of freezing
 u - a +0 hunting sling of flaming
 J - a +4 quarterstaff of chaos
 K - the +6 glaive of Resourcefulness (weapon) {drain, rF+}
   (You found it on level 10 of the Dungeon)

   A truly terrible weapon, it drains the life of any living foe it strikes.
   rF:        It protects you from fire.
 O - a +0 vorpal flail
 P - a +0 hand axe of electrocution
 T - a +6 battleaxe
 W - a +3 short sword of freezing
 X - a +1 dagger of speed
 Z - a +3 hunting sling
Missiles
 c - 168 arrows
 r - 438 stones (quivered)
 t - 29 poisoned darts
 z - 67 bolts
 B - 6 javelins
 I - 36 sling bullets
 N - 3 boomerangs
Armour
 h - a +1 cloak (melded)
 j - a +1 robe of willpower
 o - a +2 robe of positive energy
 F - +0 steam dragon scales
 Y - +1 acid dragon scales (melded)
Magical Staves
 f - a staff of poison
Jewellery
 d - a +4 ring of protection (left branch)
 s - an amulet of regeneration
 y - a ring of wizardry (right branch)
 Q - a ring of wizardry
 U - an amulet of guardian spirit (around neck)
Wands
 b - a wand of digging (11)
 n - a wand of acid (6)
 w - a wand of paralysis (11)
 L - a wand of iceblast (12)
 M - a wand of polymorph (9)
 V - a wand of flame (23)
Scrolls
 e - 2 scrolls of fear
 k - a scroll of blinking
 m - 7 scrolls of vulnerability
 p - a scroll of enchant weapon
 E - 4 scrolls of teleportation
 R - 4 scrolls of immolation
Potions
 i - 3 potions of lignification
 l - a potion of magic
 q - 2 potions of mutation
 v - 2 potions of attraction
 x - a potion of haste
 A - a potion of might {unknown}
 C - a potion of resistance {unknown}
 D - 3 potions of curing
 G - a potion of brilliance {unknown}
 H - 14 potions of ambrosia


   Skills:
 + Level 10.6 Fighting
 + Level 7.4 Maces & Flails
 + Level 11.5 Polearms
 + Level 1.5 Slings
 + Level 0.4(1.3) Throwing
 + Level 4.5 Armour
 + Level 7.9 Dodging
 + Level 3.5 Stealth


You had 11 spell levels left.
You didn't know any spells.
Your spell library contained the following spells:

 Spells                   Type           Power      Damage    Failure   Level
 Corpse Rot               Necr/Air       0%         N/A       28%         2
 Poisonous Vapours        Pois/Air       0%         N/A       28%         2
 Dazzling Flash           Conj/Hex       0%         N/A       50%         3
 Gell's Gravitas          Tloc           0%         N/A       50%         3
 Lesser Beckoning         Tloc           0%         N/A       50%         3
 Ozocubu's Armour         Ice            0%         N/A       50%         3
 Teleport Other           Tloc           0%         N/A       50%         3
 Iskenderun's Mystic Bla  Conj/Tloc      0%         2d3       86%         4
 Starburst                Conj/Fire      0%         6d3       100%        6
 Ozocubu's Refrigeration  Ice            0%         4d5       100%        7


Dungeon Overview and Level Annotations

Branches:
Dungeon (12/15)            Temple (1/1) D:6            Lair (1/6) D:11
    Orc (0/2) D:11

Altars:
Ashenzari
Cheibriados
Dithmenos
Elyvilon
Fedhas
Gozag
Hepliaklqana
Kikubaaqudgha
Makhleb
Nemelex Xobeh
Okawaru
Qazlal
Ru
Sif Muna
Trog
Uskayaw
Vehumet
Wu Jian
Xom
Yredelemnul
Zin
The Shining One

Shops:
D:3 !

Annotations:
Lair:1 HuGe's ghost, novice MiBe


Innate Abilities, Weirdness & Mutations

You are a tree.
Your roots penetrate the ground, keeping you stationary.
You cannot be teleported.
You are immune to unholy pain and torment.
Your maximum health is greatly increased.
Your equipment is partially melded.
Your life essence is reduced to manifest your ancestor. (-10% HP)
You are too large for most types of armour.
((You have claws for hands.))
Your natural rate of healing is unusually fast.
((You are covered in fur. (AC +1)))
((You have tough skin. (AC +1)))


Message History

You slice one of the 12-headed hydra's heads off!
The 11-headed hydra grows two more!
You slice the 13-headed hydra!! You drain the 13-headed hydra!
The 13-headed hydra is almost dead.
The 13-headed hydra bites you but does no damage. x2
The 13-headed hydra completely misses you.
The 13-headed hydra bites you but does no damage. x3
The 13-headed hydra bites you.
* * * LOW HITPOINT WARNING * * *
The 13-headed hydra bites you but does no damage. x6
A 13-headed hydra is nearby!
Unknown command.
A 13-headed hydra is nearby!
Unknown command.
You cannot move. (Use ctrl+direction or * direction to attack without moving.)
You nearly hit yourself!
The 13-headed hydra bites you but does no damage. x2
The 13-headed hydra bites you.
* * * LOW HITPOINT WARNING * * *
The 13-headed hydra bites you but does no damage.
The 13-headed hydra bites you.
* * * LOW HITPOINT WARNING * * *
The 13-headed hydra bites you but does no damage.
The 13-headed hydra bites you.
* * * LOW HITPOINT WARNING * * *
The 13-headed hydra bites you but does no damage. x5
The 13-headed hydra bites you.
* * * LOW HITPOINT WARNING * * *
You cannot move. (Use ctrl+direction or * direction to attack without moving.)
You nearly hit yourself!
You attack the stone wall.
The 13-headed hydra bites you but does no damage. x3
The 13-headed hydra bites you!
* * * LOW HITPOINT WARNING * * *
The 13-headed hydra bites you but does no damage. x2
The 13-headed hydra bites you.
* * * LOW HITPOINT WARNING * * *
The 13-headed hydra bites you but does no damage. x2
The 13-headed hydra bites you.
You die...

.## ##...##.#####..#####...### #
..# #...#....#.....#......# #
.P#####.................##..#####
....##..........###....####...#..
##.............####.....###....#.
####P..........#.#.....#.....###.
# ###..#.#...........###....####
# #..#####....D..#...##.....# #
#..# ##...♣...#..#...#.#### #.P#
##..#####..#..........# #####..#
##..##FW.##.....#..###..
.##...####..##.###.##......## ##.
......#.#..##......≈##....## #.
.......#..##8.......8##...## #.
.....#...##≈.#.###.#?.##...# ###.
.....#..##.$..##h##....##..###.#.
....##..#.#..##.)h##$.#.#..##....


You could see a 13-headed hydra (drained), a black bear, a bullfrog and HuGe's
ghost.

Vanquished Creatures
  A boulder beetle (D:11)
  A two-headed ogre (D:11)
  Urug (D:10)
  Pikel (D:4)
  An ugly thing (D:12)
  4 cane toads (Lair:1)
  A gargoyle (D:11)
  2 komodo dragons
  A queen bee (D:10)
  4 polar bears (Lair:1)
  4 blink frogs (Lair:1)
  Sigmund (D:2)
  3 wraiths
  8 yaks
  3 vampire mosquitoes
  A steam dragon (D:8)
  5 orc warriors
  5 water moccasins
  An ice beast (D:6)
  3 black bears
  4 ogres
  A necrophage (D:5)
  2 phantoms (D:5)
  2 centaurs
  2 lemures
  2 scorpions
  4 bullfrogs (Lair:1)
  A water moccasin zombie (D:5)
  2 water moccasin skeletons
  13 killer bees (D:10)
  7 wights
  2 electric eels (D:11)
  A bullfrog zombie (D:7)
  2 centaur zombies
  2 hounds
  A jelly (D:4)
  5 orc priests
  Crazy Yiuf (D:5)
  2 bullfrog skeletons
  3 iguanas
  6 orc wizards
  A killer bee zombie (D:5)
  A howler monkey zombie (D:9)
  6 adders
  A white imp (D:8)
  An ufetubus (D:6)
  An adder skeleton (D:4)
  4 dart slugs
  25 orcs
  3 ball pythons
  5 bats
  7 endoplasms
  5 giant cockroaches
  3 goblins
  4 hobgoblins
  8 jackals
  8 quokkas
  4 frilled lizards
  10 kobolds
  6 rats
219 creatures vanquished.

Vanquished Creatures (collateral kills)
  Josephine (D:10)
  Erolcha (D:10)
  A hydra (D:12)
  Joseph (D:9)
  A black mamba (Lair:1)
  Maurice (D:10)
  Maggie (D:9)
  2 kobold demonologists
  A troll (D:11)
  3 polar bears (Lair:1)
  A hornet (D:9)
  A blink frog (Lair:1)
  A shadow (D:11)
  A water elemental (D:11)
  2 wraiths (D:10)
  13 yaks
  A steam dragon (D:7)
  2 vampire mosquitoes
  2 water moccasins (Lair:1)
  3 orc warriors
  A sky beast (D:7)
  6 black bears
  A necrophage (D:8)
  An ogre (D:7)
  2 centaurs
  2 bullfrogs
  A wyvern skeleton (D:7)
  10 killer bees (D:10)
  2 wights (D:9)
  A howler monkey (D:10)
  An electric eel (D:11)
  2 orc priests
  6 orc wizards
  A killer bee zombie (D:8)
  A shadow imp (D:7)
  15 orcs
  2 bushes
95 creatures vanquished.

Vanquished Creatures (others)
  5 battlemagi
  13 fungi
  20 plants
38 creatures vanquished.

Grand Total: 352 creatures vanquished

Notes
Turn   | Place    | Note
-------+----------+-------------------------------------------
     0 | D:1      | issech the Troll Monk began the quest for the Orb.
     0 | D:1      | Reached XP level 1. HP: 22/22 MP: 0/0
   327 | D:1      | Reached XP level 2. HP: 29/29 MP: 1/1
   958 | D:2      | Reached XP level 3. HP: 36/36 MP: 2/2
  1045 | D:2      | Found a faded altar of an unknown god.
  1134 | D:2      | Noticed Sigmund
  1157 | D:2      | Killed Sigmund
  1158 | D:2      | Reached XP level 4. HP: 18/45 MP: 3/3
  1158 | D:2      | Reached XP level 5. HP: 21/53 MP: 4/4
  1960 | D:3      | Found Maukam's Distillery.
  2067 | D:3      | Reached skill level 1 in Polearms
  2070 | D:3      | Reached XP level 6. HP: 57/61 MP: 5/5
  2269 | D:4      | Reached skill level 2 in Polearms
  2500 | D:4      | Reached XP level 7. HP: 66/67 MP: 6/6
  2543 | D:4      | Reached skill level 3 in Polearms
  3176 | D:5      | Entered Level 5 of the Dungeon
  3182 | D:5      | Identified a scroll of acquirement
  3182 | D:5      | Acquired a manual of Fighting
  3213 | D:5      | Noticed Pikel
  3241 | D:4      | Killed Pikel
  3242 | D:4      | Reached skill level 5 in Polearms
  3242 | D:4      | Reached XP level 8. HP: 68/78 MP: 7/7
  3699 | D:5      | Noticed a komodo dragon
  3746 | D:4      | Killed a komodo dragon
  3747 | D:4      | Reached skill level 6 in Polearms
  3747 | D:4      | Reached skill level 5 in Dodging
  4112 | D:5      | Reached skill level 5 in Fighting
  4250 | D:5      | Reached XP level 9. HP: 86/88 MP: 8/8
  4429 | D:5      | Found a runed translucent door.
  4430 | D:5      | Noticed Crazy Yiuf
  4437 | D:5      | Killed Crazy Yiuf
  5044 | D:6      | Found a hazy altar of Hepliaklqana.
  5052 | D:6      | Became a worshipper of Hepliaklqana the Forgotten
  5052 | D:6      | Reached * piety under Hepliaklqana
  5052 | D:6      | Reached ** piety under Hepliaklqana
  5053 | D:6      | Remembered your ancestor Nefertari as a battlemage
  5262 | D:6      | Found a staircase to the Ecumenical Temple.
  5269 | Temple   | Entered the Ecumenical Temple
  5782 | D:6      | Reached skill level 7 in Polearms
  6463 | D:7      | Reached skill level 8 in Polearms
  6972 | D:8      | Reached XP level 10. HP: 60/90 MP: 9/9
  7116 | D:8      | Reached *** piety under Hepliaklqana
  7636 | D:9      | Noticed a soul eater
  7636 | D:9      | Noticed a rust devil
  7746 | D:9      | Noticed Maggie
  7771 | D:9      | Killed Maggie
  7938 | D:9      | Noticed Joseph
  7950 | D:9      | Killed Joseph
  7951 | D:9      | Reached skill level 5 in Maces & Flails
  7951 | D:9      | Reached skill level 9 in Polearms
  8104 | D:9      | Identified the +9 hunting sling of the Big Bang {vorpal,
                  | Int+2 Stlth+}
  8180 | D:10     | Entered Level 10 of the Dungeon
  8195 | D:10     | Reached skill level 1 in Armour
  8230 | D:10     | Noticed Maurice
  8235 | D:10     | Killed Maurice
  8273 | D:10     | Noticed Erolcha
  8278 | D:10     | Killed Erolcha
  8287 | D:10     | Reached XP level 11. HP: 94/99 MP: 10/10
  8349 | D:10     | Noticed Josephine
  8359 | D:10     | Killed Josephine
  8360 | D:10     | Reached skill level 1 in Slings
  8459 | D:10     | Reached **** piety under Hepliaklqana
  8461 | D:10     | Identified the +6 glaive of Resourcefulness {drain, rF+}
  8522 | D:10     | Noticed Urug
  8540 | D:10     | Killed Urug
  9076 | D:11     | Noticed a boulder beetle
  9094 | D:11     | Killed a boulder beetle
  9100 | D:11     | Noticed a two-headed ogre
  9107 | D:11     | Killed a two-headed ogre
  9181 | D:11     | Noticed a purple ugly thing
  9182 | D:11     | Noticed an eight-headed hydra
  9197 | D:12     | Killed a purple ugly thing
  9273 | D:12     | Killed a nine-headed hydra
  9360 | D:11     | Reached skill level 10 in Polearms
  9470 | D:11     | Found a staircase to the Orcish Mines.
  9474 | D:11     | Identified the +5 leather armour of Whack-A-Mole {-Tele Fly
                  | Str+2}
  9627 | D:11     | Reached XP level 12. HP: 111/111 MP: 11/11
  9661 | D:11     | Found a staircase to the Lair.
  9973 | Lair:1   | Entered Level 1 of the Lair of Beasts
 10067 | Lair:1   | Found a shimmering blue altar of Sif Muna.
 10200 | Lair:1   | Found a transporter.
 10235 | Lair:1   | Reached skill level 10 in Fighting
 10327 | Lair:1   | Reached skill level 11 in Polearms
 10501 | Lair:1   | Noticed HuGe's ghost (novice MiBe)
 10584 | Lair:1   | Noticed an eight-headed hydra
 10612 | Lair:1   | Found a transporter.
 11877 | Lair:1   | HP: 5/172 [12-headed hydra (4)]
 11878 | Lair:1   | HP: 1/172 [12-headed hydra (4)]
 11883 | Lair:1   | HP: 7/172 [13-headed hydra (6)]
 11883 | Lair:1   | Slain by a 13-headed hydra

Illustrated notes

Levels and vault maps discovered:
D:1:      co_arrival_random_square_maze, layout_basic, moated_statue,
          kennysheep_pointless_box
D:2:      layout_basic, shapermc_ecumenical_altar_mp_urbaneastern, uniq_sigmund
D:3:      layout_rooms, serial_shops, shop
D:4:      layout_loops_ring, minmay_goblin_kobold_house
D:5:      layout_loops_corners, serial_rivers, chequers_serial_rivers_room_a,
          chequers_serial_rivers_micro_c, chequers_serial_rivers_small_b,
          chequers_serial_rivers_small_3, chequers_serial_rivers_room_a,
          gup_sewer_entry_pipe, uniq_crazy_yiuf_cottage, uniq_pikel
D:6:      layout_basic, nicolae_overflow_crystal_walls, temple_green,
          serial_glass, glass_columns_c, glass_columns_b, glass_columns_c,
          glass_columns_a
D:7:      layout_rooms
D:8:      layout_basic, dk_noncrumbling_4
D:9:      layout_gridville, uniq_maggie, uniq_joseph
D:10:     layout_loops_ring, special_room [special_room_bee], uniq_josephine,
          uniq_maurice, uniq_urug, uniq_erolcha
D:11:     layout_rooms, lair_entry_dummy, erik_orc_2
D:12:     layout_roguey [special_room_orc], special_room [special_room_orc],
          uniq_rupert, uniq_jorgrun
Temple:   kilobyte_greek_temple
Lair:1:   beast_lair_carwin_large_4, layout_layer_cave, basic_altar,
          nzn_ghost_randoct, st_stairs_4, minivault_19

Skill      XL: |  1  2  3  4  5  6  7  8  9 10 11 12 |
---------------+-------------------------------------+-----
Maces & Flails | 3 4 6 7 |  7.4
Fighting       | 3 4 5 6 8 9 10 | 10.6
Dodging        | 3 4 5 6 7 |  7.9
Polearms       | 1 2 5 6 8 9 10 11 | 11.5
Stealth        | 2 3 |  3.5
Armour         | 1 3 4 |  4.5
Slings         | 1 |  1.5
Throwing       | |  0.4

Action                   |  1- 3 |  4- 6 |  7- 9 | 10-12 || total
-------------------------+-------+-------+-------+-------++-------
Melee: Mace              |   153 |       |       |       ||   153
       Punch             |     1 |       |       |       ||     1
       Scythe            |       |   106 |   260 |    17 ||   383
       Giant spiked club |       |       |       |    61 ||    61
       Glaive            |       |       |       |   272 ||   272
 Fire: Hunting sling     |       |       |       |    14 ||    14
Throw: Stone             |       |       |       |     3 ||     3
Invok: Recall Ancestor   |       |       |     1 |       ||     1
       Ancestor Life: Ba |       |       |     1 |       ||     1
  Use: Scroll            |       |       |    10 |     8 ||    18
       Potion            |       |       |     1 |     4 ||     5
 Stab: Sleeping          |     2 |     2 |     4 |     2 ||    10
       Distracted        |       |       |       |    14 ||    14
Armor: Robe              |    44 |    86 |   132 |       ||   262
       Steam dragon scal |       |       |    34 |    19 ||    53
       Acid dragon scale |       |       |       |   260 ||   260
       Skin              |       |       |       |    87 ||    87
Dodge: Dodged            |    74 |   121 |   205 |   321 ||   721

Table legend: (Time is in decaauts)
 A = Elapsed time spent in this place.
 B = Non-inter-level travel time spent in this place.
 C = Inter-level travel time spent in this place.
 D = Time resting spent in this place.
 E = Time spent auto-exploring this place.
 F = Levels seen in this place.
 G = Mean time per level.
                   A        B        C        D        E       F      G
               +--------+--------+--------+--------+--------+-----+--------+
         Total |  12335 |  11852 |    483 |    476 |   5149 |  14 |  881.1 |
       Dungeon |  10191 |   9876 |    315 |    339 |   4440 |  12 |  849.2 |
        Temple |    216 |    216 |      0 |      0 |    185 |   1 |  216.0 |
          Lair |   1927 |   1759 |    168 |    137 |    524 |   1 | 1927.0 |
               +--------+--------+--------+--------+--------+-----+--------+

Top non-repeatable levels by time:
  Lair:1: 1927 daAuts
     D:5: 1626 daAuts
     D:6: 1136 daAuts
     D:4: 1132 daAuts
     D:1: 973 daAuts
    D:10: 924 daAuts
     D:8: 903 daAuts
    D:11: 804 daAuts
     D:2: 726 daAuts
     D:7: 663 daAuts
     D:9: 608 daAuts
     D:3: 572 daAuts
  Temple: 216 daAuts
    D:12: 120 daAuts
